 Dungeon Crawl Stone Soup version 0.20-a0-555-gf6ae02d (webtiles) character file.

848 rand0m the Agent of Entropy (level 7, -13/57 HPs)
             Began as a Demonspawn Abyssal Knight on Feb 8, 2017.
             Was a Priest of Lugonu.
             Killed from afar by Pikel (16 damage)
             ... with a wand of lightning (?/15)
             ... on level 5 of the Dungeon.
             The game lasted 00:16:16 (7060 turns).

rand0m the Agent of Entropy (DsAK)                  Turns: 7060, Time: 00:16:17

Health: -13/57     AC:  5    Str: 14 (15) XL:     7   Next: 69%
Magic:  10/10      EV: 12    Int: 13      God:    Lugonu [***...]
Gold:   242        SH:  0    Dex: 11 (12) Spells: 6/6 levels left

rFire    . . .     SeeInvis .   a - +2 falchion
rCold    . . .     Gourm    .   b - +0 leather armour
rNeg     . . .     Faith    +   (no shield)
rPois    +         Spirit   .   (no helmet)
rElec    .         Reflect  .   (no cloak)
rCorr    .         Harm     .   (no gloves)
MR       .....     Rnd*Tele +   (no boots)
Stlth    +.........             r - amulet of faith
Regen    0.2/turn               (no ring)
                                (no ring)

@: very slightly contaminated, invisible
A: hooves 1, rugged brown scales 2, deterioration 2, poison resistance, powered
by pain 1, teleportitis 1, wild magic 2
a: Depart the Abyss, Bend Space, Banish, Renounce Religion


You were on level 5 of the Dungeon.
You worshipped Lugonu.
Lugonu was most pleased with you.
You were not hungry.

You visited 1 branch of the dungeon, and saw 5 of its levels.
You visited the Abyss 1 time.

You collected 242 gold pieces.

Inventory:

Hand Weapons
 a - a +2 falchion (weapon)
 d - a +3 trident
 e - a +3 mace
Armour
 b - a +0 leather armour (worn)
Jewellery
 p - an uncursed amulet of rage
 r - an amulet of faith (around neck)
 t - an uncursed ring of fire
Wands
 k - a wand of confusion (5/48)
 u - a wand of flame (21/48)
Scrolls
 i - 2 scrolls of fog
 l - a scroll of identify
 o - 2 scrolls of teleportation
 q - a scroll of amnesia
Potions
 h - a potion of brilliance
Comestibles
 c - 4 bread rations
 f - 2 royal jellies
 g - 2 fruits
 m - 2 meat rations


   Skills:
 + Level 4.4 Fighting
 * Level 5.1 Long Blades
 + Level 3.7 Armour
 + Level 2.9 Dodging
 + Level 5.1 Invocations


You had 6 spell levels left.
You didn't know any spells.

Dungeon Overview and Level Annotations

Branches:
Dungeon (5/15)
 Temple: D:4-7

Altars:
Ashenzari
Cheibriados
Nemelex Xobeh
Ru
Uskayaw
Vehumet

Annotations:
D:5 Pikel


Innate Abilities, Weirdness & Mutations

You have large cloven feet.
You are mostly covered in rugged brown scales. (AC +2, +5% HP)
You sometimes gain a little power by taking damage.
Your body often deteriorates upon taking damage.
Your system is resistant to poisons. (rPois)
You are occasionally teleported next to monsters.
Your spells are harder to cast, but more powerful.


Message History

Pikel is moderately wounded.
Evoking this partially-identified wand wasted a few charges.
Evoke which item? (* to show all) (? for menu, Esc to quit)
Aiming: Throw Flame (will waste charges)
Press: ? - help, Shift-Dir - straight line, f/p - Pikel
Aim: Pikel, wielding a whip of flaming, wearing a robe and carrying a wand of lightning (?/15) {zapped: 2} (moderately wounded)
The puff of flame misses Pikel.
The puff of flame hits the slave.
The slave is moderately wounded.
Evoking this partially-identified wand wasted a few charges.
Evoke which item? (* to show all) (? for menu, Esc to quit)
Aiming: Throw Flame (will waste charges)
Press: ? - help, Shift-Dir - straight line, f/p - Pikel
Aim: Pikel, wielding a whip of flaming, wearing a robe and carrying a wand of lightning (?/15) {zapped: 2} (moderately wounded)
The puff of flame hits Pikel.
Pikel is moderately wounded.
Evoking this partially-identified wand wasted a few charges.
Pikel zaps a wand.
The bolt of lightning misses you.
You feel a little less mighty now.
Pikel zaps a wand.
The bolt of lightning hits you!
You die...

...#
##..#.....##....#...##
...##
###.p####.p####........#
....###.K..#
#..#.##.)....#..#
........#..#
##.........####..##
......####.# #........##
#..# ...#### #..#
#Kp.......## ##.. ...#
#..# #..........# #...
...# ##.#
##..........####..# ...#
.. #.@..........##..##
...#
...#............#..##
.... ....(............#
# ....
..................####
...##...............# #.
.. #................##.
. #...................
#................#..
..............###.


You could see Pikel and 2 slaves.

Vanquished Creatures
  A slave (D:5)
  2 scorpions (D:4)
  A bullfrog zombie (D:5)
  2 crimson imps
  A hound (D:5)
  A jelly (D:5)
  An orc priest (D:3)
  2 orc wizards
  2 centaur skeletons (D:4)
  A bullfrog skeleton (D:4)
  Natasha (thrice) (D:4)
  An iguana (D:4)
  3 worker ants
  6 gnolls
  5 adders
  An ooze (D:4)
  An adder skeleton (D:4)
  5 worms
  A dart slug (D:1)
  The ghost of Vesto the Conjurer, a weakling OpCj (D:3)
  4 leopard geckos
  17 orcs
  6 giant cockroaches
  8 hobgoblins
  5 jackals
  6 quokkas
  5 ball pythons
  A ball python skeleton (D:4)
  9 bats
  4 frilled lizards
  6 goblins
  A jackal zombie (D:5)
  7 kobolds
  A leopard gecko skeleton (D:4)
  A quokka skeleton (D:4)
  11 rats
133 creatures vanquished.

Notes
Turn   | Place    | Note
-------+----------+-------------------------------------------
     0 | Abyss:1  | rand0m the Demonspawn Abyssal Knight began the quest for the Orb.
     0 | Abyss:1  | Reached XP level 1. HP: 18/18 MP: 2/2
     5 | Abyss:1  | Found a corrupted altar of Lugonu.
    56 | Abyss:3  | Noticed a large abomination
    64 | D:1      | Escaped the Abyss
   445 | D:1      | Reached skill level 1 in Dodging
   669 | D:1      | Reached * piety under Lugonu
   670 | D:1      | Gained mutation: You are partially covered in rugged brown scales. (AC +1, +3% HP) [demonic ancestry]
   670 | D:1      | Reached XP level 2. HP: 14/24 MP: 3/3
  1178 | D:1      | Gained mutation: You sometimes gain a little power by taking damage. [demonic ancestry]
  1178 | D:1      | Reached XP level 3. HP: 29/29 MP: 5/5
  2017 | D:2      | Reached XP level 4. HP: 36/36 MP: 6/6
  2374 | D:2      | Reached ** piety under Lugonu
  2757 | D:3      | HP: 1/36 [something/puff of flame (13)]
  2874 | D:3      | Noticed Vesto's ghost (weakling OpCj)
  2881 | D:3      | Killed Vesto's ghost
  3026 | D:3      | Reached XP level 5. HP: 41/42 MP: 7/7
  3141 | D:3      | Found a shattered altar of Ashenzari.
  3716 | D:3      | Found a snail-covered altar of Cheibriados.
  3751 | D:3      | Found a hide-covered altar of Uskayaw.
  4070 | D:4      | Reached *** piety under Lugonu
  4158 | D:4      | Gained mutation: You are mostly covered in rugged brown scales. (AC +2, +5% HP) [demonic ancestry]
  4158 | D:4      | Reached XP level 6. HP: 22/50 MP: 8/8
  4555 | D:4      | Noticed Natasha
  4569 | D:4      | Killed Natasha
  4574 | D:4      | Gained mutation: Your body sometimes deteriorates upon taking damage. [potion of mutation]
  4574 | D:4      | Gained mutation: Your spells are a little harder to cast, but a little more powerful. [potion of mutation]
  4574 | D:4      | Gained mutation: Your spells are harder to cast, but more powerful. [potion of mutation]
  4849 | D:4      | Found a sacrificial altar of Ru.
  5334 | D:4      | Gained mutation: You have large cloven feet. [demonic ancestry]
  5334 | D:4      | Reached XP level 7. HP: 28/56 MP: 10/10
  5773 | D:4      | Gained mutation: Your body often deteriorates upon taking damage. [potion of mutation]
  5773 | D:4      | Gained mutation: You are occasionally teleported next to monsters. [potion of mutation]
  5773 | D:4      | Gained mutation: Your system is resistant to poisons. (rPois) [potion of mutation]
  5840 | D:4      | Found a sparkling altar of Nemelex Xobeh.
  5918 | D:4      | Noticed Natasha
  5926 | D:4      | Killed Natasha
  6239 | D:4      | Noticed Natasha
  6254 | D:4      | Killed Natasha
  6499 | D:5      | Entered Level 5 of the Dungeon
  6597 | D:5      | Reached skill level 5 in Invocations
  6736 | D:5      | Reached skill level 5 in Long Blades
  6751 | D:5      | Found a radiant altar of Vehumet.
  7018 | D:5      | Noticed Pikel
  7049 | D:5      | HP: 2/57 [Pikel/whip of flaming (4)]
  7060 | D:5      | Killed from afar by Pikel

Vault maps used:
D:1:      saegor_arrival_simple_c, hex_large
D:2:      first_bread
D:3:      ashenzari_conservatory_becter, nicolae_overflow_crystal_walls,
          roderic_lattice_a, cheibriados_altar_1
D:4:      nicolae_ru_great_annihilating_truth, nemelex_dance_club_becter,
          uniq_natasha
D:5:      vehumet_altar_wand_db, uniq_pikel
Abyss:2:  hangedman_abyss_shoalhut
Abyss:3:  minivault_5, doesnt_abyss_rune_brain_food

Skill      XL: |  1  2  3  4  5  6  7 |
---------------+----------------------+-----
Dodging        | 1 2 |  2.9
Armour         | 2 3 |  3.7
Long Blades    | 2 3 4 5 |  5.1
Invocations    | 3 4 5 |  5.1
Fighting       | 4 |  4.4

Action                   |  1- 3 |  4- 6 |  7- 9 || total
-------------------------+-------+-------+-------++-------
Melee: Falchion          |    55 |   152 |   112 ||   319
       Trident           |    43 |   105 |       ||   148
       Kick              |       |       |    44 ||    44
Invok: Depart the Abyss  |     1 |       |       ||     1
Evoke: Wand              |       |       |     5 ||     5
  Use: Scroll            |     1 |     7 |     2 ||    10
       Potion            |       |     7 |     3 ||    10
 Stab: Paralysed         |       |     1 |       ||     1
       Sleeping          |       |     1 |       ||     1
  Eat: Chunk             |     4 |    10 |     4 ||    18
       Fruit             |       |       |     2 ||     2
Armor: Leather armour    |    39 |    75 |    30 ||   144
       Skin              |       |     8 |       ||     8
Dodge: Dodged            |    70 |   172 |    76 ||   318
       Rpst.: Falchion   |    14 |    36 |    23 ||    73
